 Dungeon Crawl Stone Soup version 0.25.1-2-g60ff931df9 (webtiles) character file.

Game seed: 6580592035411047855

177 Revguard the Distorting Demonspawn (level 5, -3/41 HPs)
             Began as a Demonspawn Abyssal Knight on Sept 23, 2020.
             Was a Believer of Lugonu.
             Slain by a wight
             ... wielding a +4 halberd of freezing
              (10 damage)
             ... on level 4 of the Dungeon.
             The game lasted 00:11:09 (3171 turns).

Revguard the Distorting Demonspawn (DsAK)           Turns: 3171, Time: 00:11:09

Health: -3/41      AC: 11    Str: 14    XL:     5   Next: 31%
Magic:  5/8        EV:  0    Int: 13    God:    Lugonu [**....]
Gold:   184        SH:  0    Dex: 12    Spells: 4/4 levels left

rFire    . . .     SeeInvis .   v - +1 hand axe (venom)
rCold    . . .     Gourm    .   d - +2 tower shield
rNeg     . . .     Faith    .   i - +0 plate armour
rPois    .         Spirit   .   (no helmet)
rElec    .         Reflect  .   (no cloak)
rCorr    .         Harm     .   k - +0 pair of gloves
MR       .....                  (no boots)
Stlth    ..........             (no amulet)
HPRegen  0.13/turn              (no ring)
MPRegen  0.11/turn              (no ring)

@: confused, berserk cooldown, heavily drained
A: repulsion field 1, rot immunity
a: Depart the Abyss, Bend Space, Renounce Religion


You were on level 4 of the Dungeon.
You worshipped Lugonu.
Lugonu was pleased with you.
You were hungry.

You visited 1 branch of the dungeon, and saw 4 of its levels.
You visited the Abyss 1 time.

You collected 184 gold pieces.

Inventory:

Hand Weapons
 a - a +1 hand axe
 v - a +1 hand axe of venom (weapon)
Armour
 b - a +0 leather armour
 d - a +2 tower shield (worn)
 i - a +0 plate armour (worn)
 k - a +0 pair of gloves (worn)
Scrolls
 j - a scroll of teleportation {unknown}
 m - a scroll of magic mapping {unknown}
 n - a scroll of blinking {unknown}
 o - a scroll of amnesia {unknown}
 r - a scroll of noise {unknown}
 s - a scroll of identify
 u - a scroll of remove curse {unknown}
Potions
 f - 2 potions of curing
 h - 2 potions of flight
 l - a potion of haste
 q - 2 potions of brilliance
Comestibles
 c - 11 rations


   Skills:
 + Level 3.2(1.6) Fighting
 + Level 2.4(0.9) Axes
 + Level 2.0(0.4) Armour
 + Level 1.0(0.0) Dodging
 * Level 2.9(1.3) Shields
 * Level 4.4(2.8) Invocations


You had 4 spell levels left.
You didn't know any spells.
Your spell library was empty.

Dungeon Overview and Level Annotations

Branches:
Dungeon (4/15)
 Temple: D:4-7

Altars:
Cheibriados
Gozag


Innate Abilities, Weirdness & Mutations

You are surrounded by a mild repulsion field. (EV +2)
You are immune to rotting.


Message History

You hit the wight.
The wight is moderately damaged.
Your shield and plate armour prevent you from hitting the wight. x2
Your shield and plate armour prevent you from hitting the orc wizard.
You block the wight's attack.
The wight hits you from afar with a +4 halberd of freezing.
You feel drained. The wight freezes you.
The wight hits you with a cursed +0 scimitar.
* * * LOW HITPOINT WARNING * * *
You block the orc wizard's attack.
The wight hits you but does no damage. x2
Space bends around you!
You blink.
The wight hits you from afar with a +4 halberd of freezing.
* * * LOW HITPOINT WARNING * * *
You feel drained. The wight freezes you.
* * * LOW HITPOINT WARNING * * *
The orc wizard casts a spell at you.
You are confused.
You bump into the rock wall.
The wight hits you from afar with a +4 halberd of freezing!
You die...

#.........#..#..#
................#
#...............
#..# #.###.###
###..#####.$.....##
........##........#
#..##.##.###.##.#
#.).z.##.###.##$
#).zoz@.........
........##.#.#.##.
....).#.##<#.#
....###.##.#.#.##.
.....# #...........
#.....#
####........
#.....# #.#.#.###
#.#.# # ....#


You could see 3 wights and an orc wizard (poisoned).

Vanquished Creatures
  2 orc wizards (D:4)
  2 adders (D:2)
  3 worms
  4 dart slugs
  4 leopard geckos
  6 orcs
  8 giant cockroaches
  10 goblins
  6 hobgoblins
  7 kobolds
  2 quokkas (D:2)
  15 bats
  3 frilled lizards
  4 rats
76 creatures vanquished.

Notes
Turn   | Place    | Note
-------+----------+-------------------------------------------
     0 | Abyss:1  | Revguard the Demonspawn Abyssal Knight began the quest for
                  | the Orb.
     0 | Abyss:1  | Reached XP level 1. HP: 18/18 MP: 2/2
   137 | Abyss:1  | Found a corrupted altar of Lugonu.
   159 | D:1      | Escaped the Abyss
   336 | D:1      | Reached skill level 3 in Invocations
   418 | D:1      | Gained mutation: You are immune to rotting. [demonic
                  | ancestry]
   418 | D:1      | Reached XP level 2. HP: 11/24 MP: 4/4
   767 | D:1      | Reached ** piety under Lugonu
   988 | D:1      | Reached skill level 1 in Shields
  1234 | D:2      | Reached XP level 3. HP: 24/29 MP: 5/5
  1612 | D:2      | Reached XP level 4. HP: 26/35 MP: 6/6
  2097 | D:2      | Found an opulent altar of Gozag.
  2235 | D:3      | Found a snail-covered altar of Cheibriados.
  3161 | D:4      | Reached skill level 1 in Dodging
  3161 | D:4      | Gained mutation: You are surrounded by a mild repulsion
                  | field. (EV +2) [demonic ancestry]
  3161 | D:4      | Reached XP level 5. HP: 41/41 MP: 5/7
  3164 | D:4      | Reached skill level 4 in Invocations
  3171 | D:4      | Slain by a wight

Illustrated notes

Levels and vault maps discovered:
D:1:      ncdulo_smallfort, layout_basic, wad_floor_pattern_1
D:2:      layout_rooms, grunt_gozag_breadcrumbs
D:3:      layout_basic, kennysheep_slug_shrine, first_ration
D:4:      layout_basic, led_sif_pool, serial_shops, nicolae_shop_crystal

Skill      XL: |  1  2  3  4  5 |
---------------+----------------+-----
Invocations    | 3 4 |  4.4
Axes           | 2 |  2.4
Shields        | 1 2 |  2.9
Armour         | 2 |  2.0
Dodging        | 1 |  1.0
Fighting       | |  3.2

Action                   |  1- 3 |  4- 6 || total
-------------------------+-------+-------++-------
Melee: Hand axe          |   148 |   143 ||   291
Invok: Bend Space        |       |     6 ||     6
  Use: Scroll            |       |     6 ||     6
       Potion            |       |     6 ||     6
  Eat: Chunk             |     2 |     5 ||     7
Armor: Leather armour    |    15 |       ||    15
       Plate armour      |    88 |   110 ||   198
       Skin              |       |    46 ||    46
Dodge: Dodged            |    11 |    15 ||    26
Block: Tower shield      |   122 |   157 ||   279
